 Dungeon Crawl Stone Soup version 0.27-a0-1290-g15d3ce7508 (webtiles) character file.

Game seed: 10981932975017152838

3866 Delamore the Cleaver (level 10, 0/81 HPs)
             Began as a Formicid Fighter on June 15, 2021.
             Was an Elder of Trog.
             Slain by a water moccasin (2 damage)
             ... on level 7 of the Dungeon.
             The game lasted 00:07:05 (8123 turns).

Delamore the Cleaver (Formicid Fighter)             Turns: 8123, Time: 00:07:06

Health: 0/81       AC: 15    Str: 21 (22) XL:     10   Next: 41%
Magic:  10/10      EV:  8    Int:  5 (8)  God:    Trog [****..]
Gold:   275        SH: 14    Dex:  8 (10) Spells: 9/9 levels left

rFire    . . .     SeeInvis +   a - +1 war axe
rCold    + . .     Faith    .   c - +0 kite shield
rNeg     . . .     Spirit   .   E - +1 scale mail {rC+}
rPois    .         Reflect  +   (helmet unavailable)
rElec    .         Harm     .   t - +0 cloak
rCorr    +         Rampage  .   m - +0 pair of gloves
Will     ++...                  b - +0 pair of boots
Stlth    ..........             l - amulet of Henoj {Reflect Will+ rCorr SH+5}
HPRegen  0.23/turn              B - +4 ring of protection
MPRegen  0.12/turn              (no ring)

@: lethally poisoned (0 -> -2), very slightly contaminated, invisible
A: permanent stasis, dig shafts and tunnels, antennae 3, four strong arms,
robust 1, weak 1
a: Dig, Shaft Self, Renounce Religion, Trog's Hand, Brothers in Arms


You were on level 7 of the Dungeon.
You worshipped Trog.
Trog was greatly pleased with you.
You visited 1 branch of the dungeon, and saw 7 of its levels.

You collected 331 gold pieces.
You spent 56 gold pieces at shops.

Inventory:

Hand Weapons
 a - a +1 war axe (weapon)
 g - a +0 broad axe
Missiles
 h - 39 poisoned darts (quivered)
 r - 8 atropa-tipped darts
 C - 5 boomerangs
Armour
 b - a +0 pair of boots (worn)
 c - a +0 kite shield (worn)
 m - a +0 pair of gloves (worn)
 t - a +0 cloak (worn)
 E - a +1 scale mail of cold resistance (worn)
Jewellery
 l - the amulet of Henoj (around neck) {Reflect Will+ rCorr SH+5}
   (You acquired it on level 3 of the Dungeon)

   [amulet of reflection]

   It reflects blocked missile attacks.
   It protects you from acid and corrosion.
   It affects your SH (+5).
   It increases your willpower.
 B - a +4 ring of protection (left hand)
Wands
 p - a wand of flame (10)
 q - a wand of iceblast (21)
 z - a wand of paralysis (11)
 J - a wand of polymorph (5)
Scrolls
 f - 3 scrolls of blinking
 j - 3 scrolls of amnesia
 s - 4 scrolls of fear
 v - 3 scrolls of teleportation
 w - 2 scrolls of enchant weapon
 x - 2 scrolls of noise {unknown}
 y - 3 scrolls of immolation
 A - a scroll of vulnerability {unknown}
 D - a scroll of enchant armour {unknown}
 G - a scroll of torment {unknown}
Potions
 d - a potion of might
 e - 3 potions of brilliance
 i - a potion of flight
 k - 2 potions of mutation
 n - a potion of invisibility
 o - a potion of heal wounds {unknown}
 u - a potion of degeneration
 F - 2 potions of berserk rage {unknown}
 H - a potion of attraction {unknown}
 I - a potion of curing {unknown}


   Skills:
 - Level 5.0 Fighting
 * Level 13.5 Axes
 - Level 3.2 Armour
 - Level 3.6 Shields


You had 9 spell levels left.
You didn't know any spells.
Your spell library was empty.

Dungeon Overview and Level Annotations

Branches:
Dungeon (7/15)             Temple (0/1) D:4

Altars:
Ru
Trog
Uskayaw
Zin
The Shining One

Shops:
D:3 *   D:6 [


Innate Abilities, Weirdness & Mutations

You cannot be hasted, slowed, berserked, paralysed or teleported.
You can dig through walls and to a lower floor.
You have a pair of large antennae on your head. (SInv)
Your four strong arms can wield two-handed weapons with a shield.
You are robust. (+10% HP)
You are weak. (Str -2)


Message History

The water moccasin bites you.
You are lethally poisoned!
The water moccasin poisons you!
* * * LOW HITPOINT WARNING * * *
You feel very sick. You block the water moccasin's attack.
* * * LOW HITPOINT WARNING * * *
You feel very sick.
* * * LOW HITPOINT WARNING * * *
You feel very sick.
The water moccasin bites you but does no damage.
Okay, then.
* * * LOW HITPOINT WARNING * * *
You feel sick.
You extend your mandibles.
You dig through the rock wall.
* * * LOW HITPOINT WARNING * * *
You feel very sick. You block the water moccasin's attack.
It was a potion of mutation.
You feel extremely strange.
You feel weaker.
You feel robust.
* * * LOW HITPOINT WARNING * * *
You feel sick. You block the water moccasin's attack.
You retract your mandibles.
You extend your mandibles.
You dig through the rock wall.
* * * LOW HITPOINT WARNING * * *
You feel sick.
The water moccasin bites you but does no damage.
It was a potion of invisibility.
You fade into invisibility!
* * * LOW HITPOINT WARNING * * *
You feel sick. You block the water moccasin's attack.
You are very lightly contaminated with residual magic.
It was a potion of degeneration.
There was something very wrong with that liquid.
You feel weakened.
You feel dopey.
You feel clumsy.
* * * LOW HITPOINT WARNING * * *
You feel sick. The water moccasin bites you.
You die...

###### ##.. ... #..
.. # ##.# .#.#
#..###$.. {
###.....# {
#@SO..#.# ###
###....)# ##.#
###..###).#
##..#####....# .#.#
## #......#..#..##
.. .# .##
#....)..........##.
.# ..#
#....#....##..#.#
#. .# ..##
#....##.###.....#
.. # ...###
##†..#...# ..###.
.#


You could see a water moccasin and an ogre.

Vanquished Creatures
  The ghost of Kinoniko the Slasher, a novice DjBe of Trog (D:5)
  The ghost of flt the Chiller, a novice OpIE of Vehumet (D:5)
  Prince Ribbit (D:7)
  Grinder (D:5)
  Sigmund (D:3)
  An orc warrior (D:7)
  An ice beast (D:7)
  A hornet zombie (D:7)
  A necrophage (D:6)
  4 ogres (D:5)
  A centaur (D:5)
  A kobold brigand (D:7)
  2 bullfrogs
  A gnoll sergeant (D:5)
  3 scorpions
  A water moccasin zombie (D:5)
  2 wyvern skeletons
  A killer bee (D:7)
  A howler monkey (D:3)
  A bullfrog zombie (D:5)
  2 electric eels (D:3)
  4 hounds
  A centaur skeleton (D:6)
  3 orc priests
  3 jellies (D:6)
  A gnoll shaman (D:7)
  A bullfrog skeleton (D:4)
  7 iguanas
  5 orc wizards
  A scorpion zombie (D:5)
  A hound skeleton (D:5)
  Robin (D:3)
  13 gnolls
  7 adders
  4 shadow imps
  A white imp (D:6)
  An adder zombie (D:5)
  An adder skeleton (D:4)
  3 worms
  2 dart slugs
  29 orcs
  7 endoplasms
  2 giant cockroaches
  5 hobgoblins
  10 jackals
  3 quokkas
  8 ball pythons
  7 bats
  2 frilled lizards
  13 goblins
  8 kobolds
  6 rats
189 creatures vanquished.

Vanquished Creatures (others)
  2 plants (D:3)
  3 withered plants
5 creatures vanquished.

Grand Total: 194 creatures vanquished

Notes
Turn   | Place    | Note
-------+----------+-------------------------------------------
     0 | D:1      | Delamore the Formicid Fighter began the quest for the Orb.
     0 | D:1      | Reached XP level 1. HP: 18/18 MP: 1/1
   107 | D:1      | Reached XP level 2. HP: 18/24 MP: 2/2
   838 | D:1      | Found a faded altar of an unknown god.
   845 | D:1      | Reached XP level 3. HP: 28/30 MP: 3/3
   893 | D:1      | Reached skill level 3 in Axes
  1117 | D:1      | Became a worshipper of Trog the Wrathful
  1117 | D:1      | Reached * piety under Trog
  2140 | D:2      | Reached XP level 4. HP: 36/37 MP: 4/4
  2367 | D:3      | Found a transporter.
  2642 | D:3      | Noticed Sigmund
  2857 | D:3      | Killed Sigmund
  2858 | D:3      | Reached skill level 5 in Axes
  2858 | D:3      | Reached XP level 5. HP: 43/43 MP: 5/5
  2858 | D:3      | Reached XP level 6. HP: 50/50 MP: 6/6
  2943 | D:3      | Reached ** piety under Trog
  2990 | D:3      | Found Qepp's Assorted Antiques.
  3000 | D:3      | Bought a fizzy amethyst potion for 28 gold pieces
  3000 | D:3      | Bought a fizzy pink potion for 28 gold pieces
  3030 | D:3      | Found a transporter.
  3091 | D:3      | Reached skill level 5 in Fighting
  3408 | D:3      | Identified a scroll of acquirement
  3408 | D:3      | Acquired the amulet of Henoj {Reflect Will+ rCorr SH+5}
  3456 | D:3      | Noticed Robin
  3478 | D:3      | Reached skill level 6 in Axes
  3478 | D:3      | Reached XP level 7. HP: 29/56 MP: 7/7
  3480 | D:3      | Killed Robin
  4304 | D:4      | Found a staircase to the Ecumenical Temple.
  4312 | D:4      | Reached skill level 7 in Axes
  4806 | D:5      | Entered Level 5 of the Dungeon
  4820 | D:5      | Noticed Grinder
  4830 | D:5      | Killed Grinder
  4831 | D:5      | Reached skill level 8 in Axes
  4831 | D:5      | Reached XP level 8. HP: 59/62 MP: 8/8
  4956 | D:5      | Reached *** piety under Trog
  5029 | D:5      | Reached skill level 9 in Axes
  5654 | D:5      | Found a runed translucent gate.
  5654 | D:5      | Found a runed translucent gate.
  5654 | D:5      | Found a runed translucent gate.
  5662 | D:5      | Noticed Kinoniko's ghost (novice DjBe)
  5662 | D:5      | Noticed flt's ghost (novice OpIE)
  5711 | D:5      | Killed Kinoniko's ghost
  5712 | D:5      | Reached skill level 10 in Axes
  5712 | D:5      | Reached XP level 9. HP: 58/68 MP: 9/9
  5718 | D:5      | Killed flt's ghost
  5719 | D:5      | Reached skill level 11 in Axes
  6606 | D:6      | Reached skill level 12 in Axes
  6692 | D:6      | Found a glowing golden altar of the Shining One.
  6948 | D:6      | Found Sosikhai's Armour Boutique.
  7008 | D:6      | Reached XP level 10. HP: 74/74 MP: 10/10
  7078 | D:6      | Found a bloodstained altar of Trog.
  7082 | D:6      | Found a glowing silver altar of Zin.
  7082 | D:6      | Found a hide-covered altar of Uskayaw.
  7087 | D:6      | Found a sacrificial altar of Ru.
  7291 | D:7      | Reached **** piety under Trog
  7425 | D:7      | Noticed Prince Ribbit
  7534 | D:7      | Reached skill level 13 in Axes
  7835 | D:7      | Killed Prince Ribbit
  8120 | D:7      | Gained mutation: You are weak. (Str -2) [potion of
                  | mutation]
  8120 | D:7      | Gained mutation: You are robust. (+10% HP) [potion of
                  | mutation]
  8121 | D:7      | HP: 3/81 [poisoned by a water moccasin]
  8123 | D:7      | Slain by a water moccasin

Illustrated notes

Levels and vault maps discovered:
D:1:      elethiomel_arrival_infinity_welcomes_careful_drivers,
          layout_loops_corners, ebering_ecumenical_altar_petrified
D:2:      layout_loops_corners, serial_co_window_serial,
          co_window_of_opportunity_a, co_window_paths_b, co_window_corner_a,
          co_window_corner_a, co_window_corner_a, co_window_cross_1,
          co_window_of_opportunity_b, co_window_paths_c, co_window_2corner,
          co_window_of_opportunity_b, co_window_corner_cb,
          co_window_of_opportunity_c, glass_columns_a, glass_columns_b
D:3:      gammafunk_steamed_eel, layout_loops_ring, serial_shops,
          nicolae_shop_statue_plus, corner_web_ring, kennysheep_generic_room_3,
          uniq_robin, uniq_sigmund
D:4:      layout_layer_cave, temple_fountains
D:5:      wad_river_or_something, layout_loops_ring, gammafunk_ghost_cemetery,
          uniq_grinder
D:6:      layout_cave_pools, lemuel_tele_altar, minitemple, serial_shops,
          kennysheep_little_box
D:7:      layout_cave_pools, lemuel_zombie_altar_kikubaaqudgha, serial_shops,
          shop, minmay_starry_boxes, uniq_prince_ribbit1

Skill      XL: |  1  2  3  4  5  6  7  8  9 10 |
---------------+-------------------------------+-----
Axes           | 3 5 6 8 10 12 13 | 13.5
Fighting       | 4 5 |  5.0
Armour         | |  3.2
Shields        | |  3.6

Action                   |  1- 3 |  4- 6 |  7- 9 | 10-12 || total
-------------------------+-------+-------+-------+-------++-------
Melee: War axe           |    92 |    72 |   294 |   164 ||   622
Throw: Dart              |       |       |       |     1 ||     1
Invok: Trog's Hand       |       |       |     1 |       ||     1
 Abil: Dig               |     2 |     1 |     2 |     3 ||     8
Evoke: Wand              |       |     5 |       |       ||     5
  Use: Scroll            |       |     6 |       |     3 ||     9
       Potion            |       |       |       |     3 ||     3
Armor: Scale mail        |    47 |    25 |    52 |    49 ||   173
       Ice dragon scales |       |       |    33 |       ||    33
Dodge: Dodged            |    27 |    34 |    68 |    37 ||   166
Block: Kite shield       |    54 |    65 |   233 |   107 ||   459
       Reflection        |       |       |     5 |     1 ||     6

Table legend: (Time is in decaauts)
 A = Elapsed time spent in this place.
 B = Non-inter-level travel time spent in this place.
 C = Inter-level travel time spent in this place.
 D = Time resting spent in this place.
 E = Time spent auto-exploring this place.
 F = Levels seen in this place.
 G = Mean time per level.
                   A        B        C        D        E       F      G
               +--------+--------+--------+--------+--------+-----+--------+
         Total |   8284 |   7943 |    341 |   1008 |   5493 |   7 | 1183.4 |
       Dungeon |   8284 |   7943 |    341 |   1008 |   5493 |   7 | 1183.4 |
               +--------+--------+--------+--------+--------+-----+--------+

Top non-repeatable levels by time:
     D:5: 1801 daAuts
     D:3: 1417 daAuts
     D:2: 1332 daAuts
     D:1: 1255 daAuts
     D:4: 920 daAuts
     D:7: 848 daAuts
     D:6: 707 daAuts
